 Dungeon Crawl Stone Soup version 0.30.1 (webtiles) character file.

Game seed: 14998669094785081103

143 cdecastro the Magician (level 5, 0/39 HPs)
             Began as a Djinni Ice Elementalist on July 8, 2023.
             Slain by a phantom (6 damage)
             ... on level 2 of the Dungeon.
             The game lasted 00:05:48 (2898 turns).

cdecastro the Magician (Djinni Ice Elementalist)    Turns: 2898, Time: 00:05:48

Health: 0/39       AC: 10    Str:  7    XL:     5   Next: 50%
Gold:   73         EV: 12    Int: 24    God:
                   SH:  0    Dex: 14

rFire   + + .        f - +0 dagger
rCold   x . .        (no shield)
rNeg    . . .        a - +0 robe
rPois   ∞            p - +0 helmet
rElec   .            (no cloak)
rCorr   +            (no gloves)
SInv    .            (boots unavailable)
Will    .....        (no amulet)
Stlth   ++           j - ring of resist corrosion
HPRegen 0.26/turn    n - +6 ring of intelligence
MPRegen 0.00/turn

%: infuse magic (-1 HP)
@: ice-armoured, flying
A: sickness immunity, fire resistance 2, cold vulnerability 1, float, innate
caster, HP casting, extra vitality 1
a: no special abilities


You were on level 2 of the Dungeon.
You visited 1 branch of the dungeon, and saw 3 of its levels.

You collected 73 gold pieces.

Inventory:

Hand Weapons
 f - a +0 dagger (weapon)
Armour
 a - a +0 robe (worn)
 p - a +0 helmet (worn)
Magical Staves
 m - a staff of death
Jewellery
 j - a ring of resist corrosion (left hand)
 l - a ring of ice
 n - a +6 ring of intelligence (right hand)
Scrolls
 b - 2 scrolls of identify {unknown}
 d - 3 scrolls of teleportation {unknown}
 e - a scroll of poison {unknown}
 g - a scroll of enchant weapon {unknown}
 k - 2 scrolls of fog {unknown}
 o - a scroll of acquirement {unknown}
Potions
 c - a potion of curing {unknown}
 h - a potion of heal wounds {unknown}
 i - 2 potions of brilliance {unknown}


   Skills:
 + Level 2.5 Fighting
 - Level 2.1 Dodging
 - Level 1.5 Stealth
 * Level 4.5 Spellcasting


You knew the following spells:

 Your Spells              Type           Power      Damage    Failure   Level
a - Freeze                Ice            100%       1d10      1%          1
b - Frozen Ramparts       Ice            54%        1d9       4%          3
c - Ozocubu's Armour      Ice            27%        N/A       4%          3
d - Summon Ice Beast      Ice/Summ       27%        N/A       14%         4
e - Necrotise             Necr           100%       1d9       1%          1
f - Ensorcelled Hibernat  Hex/Ice        54%        N/A       2%          2
Your spell library was empty.

Dungeon Overview and Level Annotations

Branches:
Dungeon (3/15)

Altars:


Innate Abilities, Weirdness & Mutations

You are immune to sickness and miasma.
You are immune to poison.
Your flesh is very heat resistant. (rF++)
You are vulnerable to cold. (rC-)
You float through the air rather than walking.
You learn spells naturally, not from books.
Your magical power is your life essence.
You have superior vitality. (+4 MHP)


Message History

The phantom attacks as you move away!
The phantom hits you but does no damage.
There is a stone staircase leading up here.
The phantom hits you but does no damage.
You fly upwards.
There is a stone staircase leading down here.
Unknown command.
Sorry, you're not good enough to have a special ability.
Unknown command.
Casting: Frozen Ramparts (dangerous; 4% risk of failure)
Confirm with . or Enter, or press ? or * to list all spells.
The spell is quite dangerous to miscast (14% risk of failure)!
Continue anyway?
A chill wind blows around you.
* * * LOW HITPOINT WARNING * * *
The phantom hits you.
* * * LOW HITPOINT WARNING * * *
Unknown command.
Unknown command.
Your ice beast closely misses the phantom.
Unknown command.
You hit the phantom.
The phantom is lightly damaged.
The phantom hits you.
* * * LOW HITPOINT WARNING * * *
The phantom blinks!
You blink.
Unknown command.
Casting: Summon Ice Beast (quite dangerous; 14% risk of failure)
Confirm with . or Enter, or press ? or * to list all spells.
A film of ice covers your body!
* * * LOW HITPOINT WARNING * * *
The phantom hits you but does no damage.
Unknown command.
Unknown command.
Okay, then.
Unknown command.
The phantom closely misses you.
Your ice beast hits the phantom but does no damage.
Unknown command.
The phantom hits you.
You die...

#######################
............>.YW@.....#
#######.##...########.#
#....#.# #.# #....#.#
#.# #....#.# #.#
#....#.# #.#
#######....#.# #.#
.....##.##.#.# #.#
####.......#.# #.#


You could see a phantom (ally target) and a friendly ice beast (summoned).

Vanquished Creatures
  An orc priest (D:3)
  2 gnolls (D:3)
  4 adders
  A worm (D:2)
  A dart slug (D:2)
  2 orcs (D:3)
  2 bats (D:2)
  4 endoplasms
  3 giant cockroaches
  4 goblins
  4 hobgoblins
  8 jackals (D:1)
  3 quokkas (D:2)
  A ball python (D:2)
  A frilled lizard (D:2)
  4 kobolds
  4 rats
49 creatures vanquished.

Notes
Turn   | Place    | Note
-------+----------+-------------------------------------------
     0 | D:1      | cdecastro the Djinni Ice Elementalist began the quest for
                  | the Orb.
     0 | D:1      | cdecastro set off with the following spells memorised:
                  | Freeze, Frozen Ramparts, Ozocubu's Armour, Summon Ice
                  | Beast.
     0 | D:1      | Reached XP level 1. HP: 15/15 MP: 0/0
   257 | D:1      | Reached XP level 2. HP: 12/22 MP: 0/0
   388 | D:1      | Reached skill level 1 in Fighting
   984 | D:2      | Reached XP level 3. HP: 26/27 MP: 0/0
   984 | D:2      | Learned a level 1 spell: Necrotise
  1536 | D:2      | Found a faded altar of an unknown god.
  1679 | D:2      | Reached skill level 4 in Spellcasting
  1679 | D:2      | Reached XP level 4. HP: 32/33 MP: 0/0
  2411 | D:3      | Reached XP level 5. HP: 13/38 MP: 0/0
  2411 | D:3      | Learned a level 2 spell: Ensorcelled Hibernation
  2868 | D:3      | Noticed a phantom
  2898 | D:2      | Slain by a phantom

Illustrated notes

Levels and vault maps discovered:
D:1:      eino_arrival_water_cross, layout_basic
D:2:      layout_basic, shapermc_ecumenical_altar_ellora, serial_forest,
          infiniplex_forest_straight_4, infiniplex_forest_clump_small,
          infiniplex_forest_lined_2, infiniplex_forest_zigzag_2,
          infiniplex_forest_clump_small, infiniplex_forest_zigzag_1,
          infiniplex_forest_lined_3
D:3:      layout_basic, mainiacjoe_overflow_cross_hatched,
          hellmonk_ghost_happy_afterlife, lightli_corner_chamber

Skill      XL: |  1  2  3  4 |
---------------+-------------+-----
Fighting       | 1 2 |  2.5
Spellcasting   | 4 |  4.5
Dodging        | |  2.1
Stealth        | |  1.5

Action                     |  1- 3 |  4- 6 || total
---------------------------+-------+-------++-------
  Melee: Dagger            |    10 |    21 ||    31
   Cast: Freeze            |    47 |     8 ||    55
         Frozen Ramparts   |       |    12 ||    12
         Ozocubu's Armour  |       |     3 ||     3
         Summon Ice Beast  |       |     1 ||     1
   Stab: Sleeping          |     2 |     1 ||     3
 Armour: Robe              |     5 |     8 ||    13
  Dodge: Dodged            |    26 |    22 ||    48
